 Dungeon Crawl Stone Soup version 0.28-a0-661-g144af121cd (webtiles) character file.

Game seed: 2638641854014673699

2864 Ijustatesigmund the Protected (level 9, -3/71 HPs)
             Began as a Gnoll Wanderer on Oct 14, 2021.
             Killed by divine providence
             ... invoked by an orc priest
              (11 damage)
             ... on level 7 of the Dungeon.
             The game lasted 00:15:00 (9916 turns).

Ijustatesigmund the Protected (Gnoll Wanderer)      Turns: 9916, Time: 00:15:01

Health: -3/71      AC: 20    Str: 13    XL:     9   Next: 75%
Magic:  15/15      EV: 12    Int: 12    God:
Gold:   182        SH:  0    Dex: 13    Spells: 16/17 levels left

rFire   + . .      SeeInvis .   a - +2 spear (protect)
rCold   . . .      Faith    .   (no shield)
rNeg    . . .      Spirit   .   b - +0 ring mail
rPois   .          Reflect  +   (no helmet)
rElec   .          Harm     .   o - +2 cloak
rCorr   .          Rampage  .   d - +1 pair of gloves
Will    .....                   (no boots)
Stlth   +.........              l - amulet of reflection
HPRegen 0.21/turn               k - ring of protection from fire
MPRegen 0.14/turn               (no ring)

@: confused, lethally poisoned (-3 -> -17), under a protective aura, hasted,
very quick
A: fangs 1, strong nose, distributed training
a: no special abilities


You were on level 7 of the Dungeon.
You visited 2 branches of the dungeon, and saw 8 of its levels.
You also visited: Ossuary.

You collected 449 gold pieces.
You spent 267 gold pieces at shops.

Inventory:

Hand Weapons
 a - a +2 spear of protection (weapon)
Missiles
 e - 5 silver javelins (quivered)
Armour
 b - a +0 ring mail (worn)
 d - a +1 pair of gloves (worn)
 o - a +2 cloak (worn)
Jewellery
 k - a ring of protection from fire (left hand)
 l - an amulet of reflection (around neck)
Wands
 n - a wand of iceblast (6)
 u - a wand of digging (5)
Scrolls
 g - a scroll of amnesia
 i - 2 scrolls of immolation
 m - 6 scrolls of identify
 t - a scroll of enchant armour
 v - a scroll of fog
Potions
 f - 3 potions of attraction
 h - 5 potions of brilliance
 j - 2 potions of flight
 s - 2 potions of magic
Miscellaneous
 c - a piece from Xom's chessboard (15/15)


   Skills:
 + Level 6.5 Fighting
 + Level 4.5 Short Blades
 + Level 4.5 Long Blades
 + Level 4.5 Axes
 + Level 4.5 Maces & Flails
 + Level 6.5 Polearms
 + Level 4.5 Staves
 + Level 4.5 Slings
 + Level 4.5 Bows
 + Level 4.5 Crossbows
 + Level 5.3 Throwing
 + Level 9.7 Armour
 + Level 4.5 Dodging
 + Level 4.5 Stealth
 + Level 4.5 Shields
 + Level 4.5 Unarmed Combat
 + Level 4.5 Spellcasting
 + Level 3.7 Conjurations
 + Level 3.7 Hexes
 + Level 3.7 Summonings
 + Level 3.7 Necromancy
 + Level 3.7 Translocations
 + Level 3.7 Transmutations
 + Level 3.7 Fire Magic
 + Level 3.7 Ice Magic
 + Level 3.7 Air Magic
 + Level 3.7 Earth Magic
 + Level 3.7 Poison Magic
 + Level 5.0 Invocations
 + Level 5.3 Evocations


You had 16 spell levels left.
You knew the following spells:

 Your Spells              Type           Power      Damage    Failure   Level
a - Apportation           Tloc           22%        N/A       9%          1

Your spell library contained the following spells:

 Spells                   Type           Power      Damage    Failure   Level
 Shock                    Conj/Air       44%        1d5       9%          1
 Slow                     Hex            11%        N/A       13%         2
 Confusing Touch          Hex            11%        N/A       26%         3
 Swiftness                Air            11%        N/A       26%         3
 Vampiric Draining        Necr           5%         2d6       26%         3
 Airstrike                Air            5%         N/A       63%         4


Dungeon Overview and Level Annotations

Branches:
Dungeon (7/15)             Temple (1/1) D:4         Ossuary (visited)

Altars:
Ashenzari
Dithmenos
Elyvilon
Fedhas
Gozag
Hepliaklqana
Makhleb
Nemelex Xobeh
Okawaru
Qazlal
Ru
Sif Muna
Trog
Uskayaw
Vehumet
Wu Jian
Xom
Yredelemnul
Zin
The Shining One

Shops:
D:1 !   D:4 *   D:6 *   D:7 [

Annotations:
D:6 1 runed translucent door, hemabe71's ghost, novice HuAr


Innate Abilities, Weirdness & Mutations

You have very sharp teeth.
Your uncanny sense of smell can sniff out nearby items.
Your experience applies equally to all skills.


Message History

You feel sick. The orc hits you but does no damage. The orc closely misses you.
You hear some strange, mumbled words.
You are confused.
You puncture the orc priest!
The orc priest is severely wounded.
You feel sick.
The orc priest hits you but does no damage.
You closely miss the orc priest.
The orc priest is severely wounded.
You feel sick. The orc hits you with a +0 club. The orc misses you.
Something hits you.
You barely miss something.
You feel sick. The orc priest barely misses you. The orc barely misses you.
You feel sick. The orc closely misses you.
You're too confused to move!
You feel sick. The orc closely misses you.
You're too confused to move!
You feel sick.
The orc priest begins to cast a cantrip, but forgets the words!
You completely miss something.
You feel sick. Something hits you but does no damage.
You are more poisoned.
The orc barely misses you.
You feel sick.
The orc priest calls down the wrath of Beogh upon you.
Something writhes in agony.
Something hits you but does no damage.
You are lethally poisoned!
You hit the orc.
The orc is severely wounded.
* * * LOW HITPOINT WARNING * * *
You feel very sick.
You are too confused!
Okay, then.
You hit something.
* * * LOW HITPOINT WARNING * * *
You feel sick. Something hits you but does no damage.
You bump into the rock wall.
* * * LOW HITPOINT WARNING * * *
You feel very sick.
The orc priest calls down the wrath of Beogh upon you.
Beogh smites you!
You die...

.................
#............. #..).........
#.......##.. .... #......##
... ###.....# ###..# #....##
##..#.## ###o{o# #......###
##o@.## ##.......# #..##.#
.........#####.....##
....................###
..........##..##.#....#####
..#.#.....##...####....#..#
..###.....##....###.......#
.####..#...#.##.....###...##
###
..##...##.##.#...#.........#
#.#


You could see an orc priest and 2 orcs.

Vanquished Creatures
  Prince Ribbit (D:6)
  Edmund (D:6)
  An orc warrior (D:6)
  2 ice beasts (D:6)
  A black bear (D:6)
  3 ogres
  A centaur (D:6)
  A phantom (D:6)
  An elf zombie (Ossuary)
  A water moccasin zombie (D:6)
  2 scorpions (D:5)
  A water moccasin skeleton (D:6)
  A howler monkey (D:5)
  2 bullfrog zombies (D:5)
  7 centaur zombies
  Crazy Yiuf (D:6)
  A hound (D:4)
  4 orc priests
  A bullfrog skeleton (D:6)
  2 jellies (D:6)
  3 centaur skeletons
  Jessica (D:2)
  3 orc wizards
  Natasha (thrice) (D:2)
  A killer bee zombie (D:7)
  An ogre zombie (Ossuary)
  A hound zombie (D:5)
  7 mummies (Ossuary)
  4 adders
  A shadow imp (D:7)
  A white imp (D:6)
  3 ufetubi
  An adder skeleton (D:4)
  An adder zombie (Ossuary)
  4 dart slugs
  11 orcs
  8 ball pythons
  A bat (D:1)
  6 endoplasms
  5 giant cockroaches
  6 goblins
  3 hobgoblins
  4 jackals (D:2)
  4 quokkas
  3 frilled lizards (D:1)
  2 gnoll zombies (Ossuary)
  4 goblin zombies (Ossuary)
  5 hobgoblin zombies (Ossuary)
  9 kobolds
  4 kobold zombies (Ossuary)
  6 quokka zombies (Ossuary)
  3 rats
  2 rat zombies (Ossuary)
156 creatures vanquished.

Vanquished Creatures (others)
  10 plants (D:2)
10 creatures vanquished.

Grand Total: 166 creatures vanquished

Notes
Turn   | Place    | Note
-------+----------+-------------------------------------------
     0 | D:1      | Ijustatesigmund the Gnoll Wanderer began the quest for the
                  | Orb.
     0 | D:1      | Ijustatesigmund set off with the following items: a +2
                  | spear, a +0 ring mail, a piece from Xom's chessboard
                  | (15/15)
     0 | D:1      | Reached XP level 1. HP: 20/20 MP: 1/1
   212 | D:1      | Reached XP level 2. HP: 26/26 MP: 2/2
   371 | D:1      | Found Nuothor's Distillery.
   520 | D:1      | Reached XP level 3. HP: 31/31 MP: 3/3
   876 | D:2      | Reached skill level 1 in Invocations
  1036 | D:2      | Reached skill level 1 in Short Blades
  1036 | D:2      | Reached skill level 1 in Long Blades
  1036 | D:2      | Reached skill level 1 in Axes
  1036 | D:2      | Reached skill level 1 in Maces & Flails
  1036 | D:2      | Reached skill level 1 in Staves
  1036 | D:2      | Reached skill level 1 in Slings
  1036 | D:2      | Reached skill level 1 in Bows
  1036 | D:2      | Reached skill level 1 in Crossbows
  1036 | D:2      | Reached skill level 1 in Dodging
  1036 | D:2      | Reached skill level 1 in Stealth
  1036 | D:2      | Reached skill level 1 in Shields
  1036 | D:2      | Reached skill level 1 in Unarmed Combat
  1036 | D:2      | Reached skill level 1 in Spellcasting
  1123 | D:2      | Noticed Natasha
  1431 | D:2      | Killed Natasha
  1432 | D:2      | Reached XP level 4. HP: 26/38 MP: 5/5
  1589 | D:2      | Reached skill level 1 in Conjurations
  1589 | D:2      | Reached skill level 1 in Hexes
  1589 | D:2      | Reached skill level 1 in Summonings
  1589 | D:2      | Reached skill level 1 in Necromancy
  1589 | D:2      | Reached skill level 1 in Translocations
  1589 | D:2      | Reached skill level 1 in Transmutations
  1589 | D:2      | Reached skill level 1 in Fire Magic
  1589 | D:2      | Reached skill level 1 in Ice Magic
  1589 | D:2      | Reached skill level 1 in Air Magic
  1589 | D:2      | Reached skill level 1 in Earth Magic
  1589 | D:2      | Reached skill level 1 in Poison Magic
  1667 | D:2      | Noticed Jessica
  1671 | D:2      | Killed Jessica
  1672 | D:2      | Reached XP level 5. HP: 43/43 MP: 6/6
  1686 | D:2      | Got Jessica's Incunabulum of the Traveller
  1710 | D:2      | Noticed Natasha
  1719 | D:2      | Killed Natasha
  1786 | D:2      | Found a shimmering altar of Xom.
  1844 | D:2      | Found a faded altar of an unknown god.
  1956 | D:2      | Noticed Natasha
  1965 | D:2      | Killed Natasha
  2879 | D:3      | Found an ornate altar of the Wu Jian Council.
  2881 | D:3      | Found a white marble altar of Elyvilon.
  2886 | D:3      | Found a broken altar of Ashenzari.
  3165 | D:4      | Found a sparkling altar of Nemelex Xobeh.
  3302 | D:4      | Found Hole's General Store.
  3312 | D:4      | Bought a scroll of identify for 20 gold pieces
  3369 | D:4      | Found a burning altar of Makhleb.
  3439 | D:4      | Reached XP level 6. HP: 50/50 MP: 8/8
  3485 | D:4      | Found a staircase to the Ecumenical Temple.
  3690 | D:4      | Found a sand-covered staircase.
  3695 | Ossuary  | Entered an ossuary
  3847 | Ossuary  | Reached skill level 5 in Fighting
  3847 | Ossuary  | Reached skill level 5 in Polearms
  4266 | Ossuary  | Reached XP level 7. HP: 37/56 MP: 10/10
  4829 | Ossuary  | Learned a level 1 spell: Apportation
  4865 | D:4      | Found a shadowy altar of Dithmenos.
  4966 | Temple   | Entered the Ecumenical Temple
  5997 | D:5      | Entered Level 5 of the Dungeon
  6082 | D:5      | Reached skill level 9 in Armour
  6482 | D:5      | Reached XP level 8. HP: 33/63 MP: 12/12
  7249 | D:6      | Noticed a hornet
  7252 | D:6      | Paralysed by a hornet for 3 turns
  7643 | D:6      | Found Nysukhu's Neck Hole.
  7646 | D:6      | Noticed Prince Ribbit
  7658 | D:6      | Killed Prince Ribbit
  7659 | D:6      | Reached XP level 9. HP: 69/69 MP: 14/14
  7662 | D:6      | Bought a +2 cloak for 247 gold pieces
  7901 | D:6      | Found a hazy altar of Hepliaklqana.
  8298 | D:6      | Noticed Edmund
  8358 | D:6      | Killed Edmund
  8580 | D:6      | Reached skill level 5 in Throwing
  8580 | D:6      | Reached skill level 5 in Evocations
  9240 | D:6      | Found a runed translucent door.
  9240 | D:6      | Noticed hemabe71's ghost (novice HuAr)
  9314 | D:6      | Found a runed translucent door.
  9315 | D:6      | Noticed Crazy Yiuf
  9323 | D:6      | Paralysed by Crazy Yiuf for 2 turns
  9332 | D:6      | Killed Crazy Yiuf
  9333 | D:6      | Reached skill level 5 in Invocations
  9711 | D:7      | Found Nyumeehy's Antique Armour Boutique.
  9916 | D:7      | Killed from afar by an orc priest

Illustrated notes

Levels and vault maps discovered:
D:1:      dpeg_arrival_leaves_temple_mockup, layout_basic, serial_shops,
          nicolae_shop_trees, minivault_26
D:2:      layout_loops_ring, shapermc_ecumenical_altar_hornbeckon, basic_altar,
          minmay_strange_pillars, st_stairs_12, kennysheep_jessica_study,
          uniq_natasha
D:3:      layout_loops_corners, minitemple, chequers_arboretum,
          kennysheep_cross_room
D:4:      layout_loops_ring, mainiacjoe_overflow_surrounded_room,
          mainiacjoe_overflow_alcove_4, old_standard_altar,
          minmay_temple_entry_waves, serial_shops, shop, enter_ossuary_5
D:5:      layout_basic
D:6:      minmay_angry_zag, layout_gridville, lemuel_doored_altar,
          gammafunk_ghost_grave, nicolae_shop_sticking_my_neck_out, uniq_edmund,
          uniq_prince_ribbit1, uniq_crazy_yiuf_cottage
D:7:      layout_cave_pools, serial_shops, shop, shop
Temple:   nicolae_temple_figure_eight

Skill      XL: |  1  2  3  4  5  6  7  8  9 |
---------------+----------------------------+-----
Invocations    | 1 2 3 4 5 |  5.0
Short Blades   | 1 2 3 4 |  4.5
Long Blades    | 1 2 3 4 |  4.5
Axes           | 1 2 3 4 |  4.5
Maces & Flails | 1 2 3 4 |  4.5
Staves         | 1 2 3 4 |  4.5
Slings         | 1 2 3 4 |  4.5
Bows           | 1 2 3 4 |  4.5
Crossbows      | 1 2 3 4 |  4.5
Dodging        | 1 2 3 4 |  4.5
Stealth        | 1 2 3 4 |  4.5
Shields        | 1 2 3 4 |  4.5
Unarmed Combat | 1 2 3 4 |  4.5
Spellcasting   | 1 2 3 4 |  4.5
Conjurations   | 1 2 3 |  3.7
Hexes          | 1 2 3 |  3.7
Summonings     | 1 2 3 |  3.7
Necromancy     | 1 2 3 |  3.7
Translocations | 1 2 3 |  3.7
Transmutations | 1 2 3 |  3.7
Fire Magic     | 1 2 3 |  3.7
Ice Magic      | 1 2 3 |  3.7
Air Magic      | 1 2 3 |  3.7
Earth Magic    | 1 2 3 |  3.7
Poison Magic   | 1 2 3 |  3.7
Throwing       | 3 4 5 |  5.3
Evocations     | 3 4 5 |  5.3
Fighting       | 5 6 |  6.5
Polearms       | 5 6 |  6.5
Armour         | 9 |  9.7

Action                   |  1- 3 |  4- 6 |  7- 9 || total
-------------------------+-------+-------+-------++-------
Melee: Spear             |   103 |   227 |   710 ||  1040
       Bite              |     5 |    20 |    83 ||   108
       Punch             |       |     3 |    14 ||    17
Throw: Javelin           |     3 |       |     3 ||     6
Evoke: Wand              |       |       |     1 ||     1
  Use: Scroll            |     2 |     8 |     8 ||    18
       Potion            |     1 |     2 |     9 ||    12
 Stab: Sleeping          |       |     1 |     4 ||     5
       Distracted        |       |       |     3 ||     3
Armor: Ring mail         |    23 |    96 |   272 ||   391
Dodge: Dodged            |    28 |    98 |   247 ||   373
Block: Other             |       |    21 |   116 ||   137
       Reflection        |       |       |     1 ||     1

Table legend: (Time is in decaauts)
 A = Elapsed time spent in this place.
 B = Non-inter-level travel time spent in this place.
 C = Inter-level travel time spent in this place.
 D = Time resting spent in this place.
 E = Time spent auto-exploring this place.
 F = Levels seen in this place.
 G = Mean time per level.
                   A        B        C        D        E       F      G
               +--------+--------+--------+--------+--------+-----+--------+
         Total |   9676 |   9512 |    164 |   2549 |   5480 |   9 | 1075.1 |
       Dungeon |   8350 |   8199 |    151 |   2080 |   4914 |   7 | 1192.9 |
        Temple |    221 |    209 |     12 |      0 |    209 |   1 |  221.0 |
       Ossuary |   1105 |   1105 |      0 |    469 |    357 |   1 | 1105.0 |
               +--------+--------+--------+--------+--------+-----+--------+

Top non-repeatable levels by time:
     D:6: 2396 daAuts
     D:4: 1506 daAuts
     D:5: 1146 daAuts
     D:2: 1116 daAuts
 Ossuary: 1105 daAuts
     D:3: 979 daAuts
     D:1: 964 daAuts
     D:7: 241 daAuts
  Temple: 221 daAuts
